 Dungeon Crawl Stone Soup version 0.31-a0-988-g08d55dae12 (webtiles) character file.

Game seed: 12815144791740466410

110494 CrazyBamboolord the Warrior (level 16, -14/183 HPs)
             Began as an Ogre Fighter on Nov 5, 2023.
             Was an Initiate of Yredelemnul.
             Demolished by a nagaraja
             ... wielding a +0 trident
              (19 damage)
             ... on level 2 of the Snake Pit.
             The game lasted 01:13:29 (24780 turns).

CrazyBamboolord the Warrior (Ogre Fighter)         Turns: 24780, Time: 01:13:30

Health: -14/183    AC: 11    Str: 30    XL:     16   Next: 55%
Magic:  24/24      EV: 13    Int: 12    God:    Yredelemnul [......]
Gold:   459        SH: 21    Dex:  8    Spells: 15/15 levels left

rFire   . . .        a - +5 war axe
rCold   . . .        d - +6 tower shield {AC+3}
rNeg    + . .        V - +0 robe
rPois   .            n - +2 hat {Int+3}
rElec   +            k - +2 cloak
rCorr   .            (gloves unavailable)
SInv    .            (boots unavailable)
Will    +....        e - amulet "Zaluih" {rElec rN+ Regen+}
Stlth   +            R - +5 ring of evasion
HPRegen 1.30/turn    K - +4 ring of slaying
MPRegen 0.19/turn

%: no passive effects
@: untranslocatable, constricted
A: large, unfitting armour, tough skin 1
a: Renounce Religion, Recall Undead Harvest


You were on level 2 of the Snake Pit.
You worshipped Yredelemnul.
Yredelemnul was aware of your devotion.
You visited 4 branches of the dungeon, and saw 21 of its levels.
You also visited: Sewer and Ossuary.

You collected 1922 gold pieces.
You spent 1463 gold pieces at shops.

Inventory:

Hand Weapons
 a - a +5 war axe (weapon)
 b - the +8 whip "Snakebite" {venom, curare, rPois}
   (You took it off Amaemon on level 3 of the Lair of Beasts)

   rPois:     It protects you from poison
 O - a +3 trident of freezing
Missiles
 I - 2 large rocks
 P - a throwing net
 Z - 2 silver javelins
Armour
 d - a +6 tower shield of protection (worn)
 k - a +2 cloak (worn)
 n - a +2 hat of intelligence (worn)
 V - a +0 robe (worn)
Jewellery
 c - the amulet "Kangula" {Spirit Regen+}
   (You found it on level 5 of the Lair of Beasts)

   [amulet of guardian spirit]

   Spirit:    It causes incoming damage to be divided between your reserves of
   health and magic.
   Regen+:    It increases your rate of health regeneration.
 e - the amulet "Zaluih" (around neck) {rElec rN+ Regen+}
   (You acquired it on level 6 of the Dungeon)

   [amulet of regeneration]

   rElec:     It insulates you from electricity.
   rN+:       It protects you from negative energy.
   Regen+:    It increases your rate of health regeneration.
 g - the ring of Yendor {Drain rN+ Int+6 Dex+2}
   (You found it on level 1 of the Snake Pit)

   [ring of positive energy]

   Int+6:     It affects your intelligence (+6).
   Dex+2:     It affects your dexterity (+2).
   rN+:       It protects you from negative energy.
   Drain:     It drains your maximum health when unequipped.
 i - a ring of willpower
 j - a ring of positive energy
 x - a ring of see invisible
 F - a ring of resist corrosion
 K - a +4 ring of slaying (right hand)
 R - a +5 ring of evasion (left hand)
Wands
 l - a wand of acid (8)
 y - a wand of iceblast (11) (quivered)
 D - a wand of polymorph (9)
 E - a wand of charming (18)
Scrolls
 h - a scroll of brand weapon {unknown}
 m - 5 scrolls of teleportation
 r - 3 scrolls of immolation
 A - a scroll of fear
 C - 2 scrolls of poison {unknown}
 J - 2 scrolls of torment {unknown}
 Q - 3 scrolls of vulnerability
 S - 3 scrolls of revelation
 T - 2 scrolls of fog {unknown}
 U - 4 scrolls of blinking
Potions
 f - 2 potions of haste
 o - 3 potions of magic {unknown}
 p - 4 potions of invisibility
 q - 2 potions of heal wounds
 s - 5 potions of brilliance
 u - a potion of cancellation {unknown}
 w - 3 potions of enlightenment
 z - 2 potions of resistance {unknown}
 G - 2 potions of attraction {unknown}
 H - 6 potions of mutation {unknown}
 L - 3 potions of curing
 M - 2 potions of berserk rage {unknown}
 N - 6 potions of lignification
 W - a potion of ambrosia {unknown}
Miscellaneous
 Y - a phantom mirror


   Skills:
 + Level 17.1 Fighting
 * Level 14.2 Axes
 * Level 11.3 Throwing
 * Level 13.2 Dodging
 + Level 10.6 Shields
 + Level 10.8 Invocations


You had 15 spell levels left.
You didn't know any spells.
Your spell library contained the following spells:

 Spells                   Type           Power      Damage    Failure   Level
 Sting                    Tmut/Pois      0%         1d3       65%         1
 Poisonous Vapours        Pois/Air       0%         N/A       80%         2
 Olgreb's Toxic Radiance  Pois           0%         N/A       100%        4
 Haunt                    Necr/Summ      0%         N/A       100%        7
 Borgnjor's Revivificati  Necr           0%         N/A       100%        8
 Death's Door             Necr           0%         N/A       100%        9


Dungeon Overview and Level Annotations

Branches:
Dungeon (12/15)            Temple (0/1) D:7            Lair (5/5) D:9
 Shoals (0/4) Lair:3        Snake (2/4) Lair:2          Orc (2/2) D:11
    Elf (0/3) Orc:2         Sewer (visited)         Ossuary (visited)
  Slime: Lair:4-5

Altars:
Dithmenos
Fedhas
Makhleb
Nemelex Xobeh
Okawaru
Qazlal
Vehumet
Xom
Yredelemnul

Shops:
D:10 *   D:11 *   Orc:1 (   Orc:2 ?![*[   Snake:1 (   Snake:2 :==

Portals:
Trove: D:10 (give +5 ice dragon scales)

Annotations:
Lair:4 exclusion: 2 oklob plants


Innate Abilities, Weirdness & Mutations

You are too large for most types of armour.
You have tough skin. (AC +1)


Message History

You hit the nagaraja but do no damage.
The nagaraja is almost dead.
You feel very sick. You block the nagaraja's attack.
The nagaraja constricts you.
* * * LOW HITPOINT WARNING * * *
The nagaraja hits you with a +0 trident!!
* * * LOW HITPOINT WARNING * * *
The nagaraja constricts you.
* * * LOW HITPOINT WARNING * * *
You feel better. The nagaraja spits poison at you.
The splash of poison misses you. The nagaraja constricts you.
* * * LOW HITPOINT WARNING * * *
Unknown command.
You feel much better.
The nagaraja hits you with a +0 trident!!
* * * LOW HITPOINT WARNING * * *
The nagaraja constricts you.
* * * LOW HITPOINT WARNING * * *
The nagaraja hits you with a +0 trident!
* * * LOW HITPOINT WARNING * * *
The nagaraja constricts you.
* * * LOW HITPOINT WARNING * * *
Unknown command.
Okay, then.
Unknown command.
Aiming: Iceblast
Press: ? - help, Q - select action, (/) - cycle Shift-Dir - straight line The mass of ice explodes!
The iceblast engulfs the nagaraja!
The nagaraja is almost dead.
The nagaraja barely misses you. The nagaraja constricts you.
* * * LOW HITPOINT WARNING * * *
Aiming: Iceblast
Press: ? - help, Q - select action, (/) - cycle Shift-Dir - straight line The mass of ice explodes!
The iceblast engulfs the nagaraja but does no damage.
The nagaraja is almost dead.
The nagaraja hits you with a +0 trident!!
You die...
Your body rises from the dead as a mindless zombie.

.##...........###..##Z..##..####.
###...........####.##..#...#.###.
##............##.Z#...#...###...#
###.............####.....## #..##
#########..###### ####### #####
.# ♣♣♣♣♣#### ############## ###
##♣♣...♣ ##........([)S= #..
#♣♣.∩..♣ ### ##''N.#....... ###
#♣.....♣##.# #['@#...#...# #
#♣.∩.⌠ZZ.Z.# #..###..#..# #
#♣.....♣#ZZ# #..# ##...# #
#♣♣.∩..♣#Z.###).#####...# ### #
♣♣...♣#.Z##..###)###..... #..
♣♣♣♣♣#Z.##.)###.%# #..##.. #.#
########ZZ###..##..# #... #.#
#.........###..##..#####..# ##.
#.......Z.##.)##.)###.###..N #.


You could see a nagaraja (fast).

Vanquished Creatures
  Gastronok (D:9)
  A nagaraja (Snake:2)
  A salamander tyrant (Snake:2)
  2 hydras
  2 ogre magi (Orc:2)
  5 anacondas (Snake:2)
  A boulder beetle (D:11)
  15 two-headed ogres
  A catoblepas (Lair:5)
  2 death yaks
  A naga sharpshooter (Snake:2)
  6 naga warriors (Snake:2)
  2 shock serpents (Snake:2)
  A harpy (Lair:3)
  12 mana vipers
  A deep elf pyromancer (D:12)
  A cyclops (D:11)
  4 salamanders
  3 elephants
  A manticore (D:12)
  12 black mambas
  A guardian serpent (Snake:2)
  An orange demon (Lair:3)
  7 naga magi (Snake:2)
  Jeremiah (D:8)
  10 cane toads
  3 rime drakes (Lair:4)
  5 komodo dragons
  5 trolls
  A tyrant leech (Lair:5)
  5 blink frogs
  Sigmund (D:2)
  A wraith (D:11)
  5 wyverns
  2 shadows (D:12)
  A water elemental (D:12)
  42 yaks
  A steam dragon (Lair:3)
  2 basilisks (Lair:4)
  7 vampire mosquitoes
  13 nagas
  An acid dragon (D:10)
  9 water moccasins
  6 orc warriors
  5 black bears
  A sky beast (D:7)
  16 wolves
  12 ogres
  4 centaurs
  A phantom (D:5)
  4 kobold brigands
  An elf zombie (Ossuary)
  10 bullfrogs
  3 wights (D:9)
  2 killer bees (D:10)
  3 electric eels (D:12)
  3 howler monkeys (D:8)
  A centaur zombie (Ossuary)
  3 orc priests
  2 human zombies (Ossuary)
  A gnoll bouda (D:7)
  3 hounds (D:6)
  3 jellies
  A sleepcap (D:3)
  Jessica (D:2)
  An iguana (D:6)
  15 orc wizards
  2 hell rats
  2 mummies (Ossuary)
  8 gnolls
  6 adders
  2 adder zombies (Ossuary)
  A worm (Sewer)
  3 dart slugs
  41 orcs
  14 endoplasms
  10 giant cockroaches
  3 goblins
  4 hobgoblins
  10 jackals
  A quokka (D:1)
  11 ball pythons
  4 bats
  6 frilled lizards
  9 hobgoblin zombies (Ossuary)
  A jackal zombie (Ossuary)
  29 kobolds
  11 kobold zombies (Ossuary)
  9 orc zombies (Ossuary)
  2 quokka zombies (D:7)
  8 rats
  A rat zombie (Ossuary)
499 creatures vanquished.

Vanquished Creatures (collateral kills)
  3 hydras
  An ogre mage (Orc:2)
  4 death yaks
  An anaconda (Snake:2)
  2 two-headed ogres (Orc:2)
  4 naga warriors (Snake:2)
  Urug (Lair:2)
  Amaemon (Lair:3)
  A shock serpent (Snake:2)
  A salamander mystic (Snake:1)
  2 skysharks (Lair:5)
  3 naga ritualists (Snake:2)
  A lindwurm (Lair:5)
  A deep elf pyromancer (D:12)
  3 mana vipers
  2 manticores
  An orc sorcerer (Orc:2)
  2 salamanders
  8 black mambas
  8 elephants
  5 naga magi
  9 cane toads
  A guardian serpent (Snake:2)
  A torpor snail (Lair:5)
  10 rime drakes
  4 komodo dragons
  A polar bear (Lair:1)
  A tyrant leech (Lair:5)
  A troll (Orc:2)
  15 blink frogs
  28 yaks
  6 wyverns
  6 basilisks
  6 vampire mosquitoes
  4 water moccasins
  10 nagas
  4 orc warriors
  A black bear (D:9)
  14 ogres
  2 centaurs (D:11)
  7 wolves
  A kobold brigand (D:10)
  8 bullfrogs
  A scorpion (D:9)
  A killer bee (D:10)
  2 electric eels
  4 orc priests
  2 jellies
  A gnoll bouda (D:5)
  A sleepcap (D:5)
  5 orc wizards
  7 hell rats
  3 adders (D:2)
  4 gnolls
  An orc zombie (Orc:1)
  A dart slug (D:5)
  9 orcs
  A kobold (D:2)
  A quokka (D:1)
  A ball python (D:2)
  5 rats
245 creatures vanquished.

Vanquished Creatures (others)
  A spectral hydra (Orc:2)
  A spectral ogre (Snake:1)
  An anaconda zombie (Snake:2)
  A spectral two-headed ogre (Lair:4)
  A salamander zombie (Snake:2)
  A shock serpent zombie (Snake:2)
  4 mana viper zombies (Snake:2)
  A harpy zombie (Lair:3)
  5 dream sheep (D:5)
  A spectral dream sheep (D:5)
  2 spectral nagas (Snake:2)
  4 black mamba zombies (Snake:2)
  A yak (Lair:2)
  3 cane toad zombies (Lair:5)
  A two-headed ogre zombie (Orc:2)
  A naga (Snake:2)
  2 elf zombies (D:12)
  A manticore zombie (D:12)
  6 blink frog zombies
  A vampire mosquito zombie (Lair:5)
  4 rime drake zombies (Lair:4)
  5 wyvern zombies
  3 water moccasin zombies
  8 yak zombies
  A troll zombie (Orc:2)
  5 wolf zombies
  2 centaur zombies
  A black bear zombie (D:9)
  6 bullfrog zombies
  5 ogre zombies (Orc:2)
  13 naga zombies
  A hell rat zombie (Lair:4)
  A steam dragon zombie (Lair:3)
  2 adder zombies (D:5)
  A jelly zombie (D:6)
  3 orcs (D:12)
  2 bat zombies (D:3)
  A gnoll zombie (D:5)
  A ball python zombie (D:4)
  An endoplasm zombie (Sewer)
  5 kobold zombies
  17 orc zombies
  A rat zombie (Sewer)
128 creatures vanquished.

Grand Total: 872 creatures vanquished

Notes
Turn   | Place    | Note
-------+----------+-------------------------------------------
     0 | D:1      | CrazyBamboolord the Ogre Fighter began the quest for the
                  | Orb.
     0 | D:1      | Reached XP level 1. HP: 24/24 MP: 1/1
    93 | D:1      | Reached XP level 2. HP: 24/32 MP: 2/2
   290 | D:1      | Found a faded altar of an unknown god.
   364 | D:1      | Prayed at the altar of an unknown god.
   364 | D:1      | Became a worshipper of Yredelemnul the Dark
   364 | D:1      | Reached * piety under Yredelemnul
   416 | D:1      | Reached XP level 3. HP: 26/40 MP: 3/3
   509 | D:1      | Reached ** piety under Yredelemnul
   963 | D:2      | Noticed Jessica
   968 | D:2      | Killed Jessica
   969 | D:2      | Reached XP level 4. HP: 33/49 MP: 4/4
  1092 | D:2      | Found a blossoming altar of Fedhas.
  1330 | D:2      | Reached skill level 5 in Fighting
  1332 | D:2      | Reached skill level 1 in Invocations
  1371 | D:2      | Reached XP level 5. HP: 57/57 MP: 5/5
  1715 | D:2      | Noticed Sigmund
  1727 | D:2      | Killed Sigmund
  1728 | D:2      | Reached XP level 6. HP: 47/67 MP: 5/7
  3497 | D:4      | Reached skill level 6 in Fighting
  3497 | D:4      | Reached XP level 7. HP: 31/75 MP: 8/8
  3834 | D:4      | Found a blossoming altar of Fedhas.
  4073 | D:5      | Entered Level 5 of the Dungeon
  4784 | D:5      | Noticed a dream sheep
  4784 | D:5      | Noticed a dream sheep
  4784 | D:5      | Noticed a dream sheep
  4784 | D:5      | Noticed a dream sheep
  4784 | D:5      | Noticed a dream sheep
  4784 | D:5      | Found a shimmering altar of Xom.
  4786 | D:5      | Killed a dream sheep
  4788 | D:5      | Killed a dream sheep
  4788 | D:5      | Killed a dream sheep
  4789 | D:5      | Killed a dream sheep
  4790 | D:5      | Killed a dream sheep
  5446 | D:6      | Identified a scroll of acquirement
  5446 | D:6      | Acquired the amulet "Zaluih" {rElec rN+ Regen+}
  5459 | D:6      | Reached XP level 8. HP: 79/84 MP: 10/10
  5705 | D:6      | Reached skill level 7 in Fighting
  5705 | D:6      | Reached skill level 5 in Dodging
  5706 | D:6      | Reached skill level 5 in Axes
  6098 | D:6      | Reached *** piety under Yredelemnul
  6141 | D:6      | Found a glowing drain.
  6145 | Sewer    | Entered a sewer
  6260 | Sewer    | Found a viscous altar of Jiyva.
  7244 | D:7      | Reached skill level 8 in Fighting
  7247 | D:7      | Found a staircase to the Ecumenical Temple.
  7331 | D:7      | Reached skill level 5 in Shields
  7367 | D:7      | Found a sand-covered staircase.
  7381 | Ossuary  | Entered an ossuary
  7430 | Ossuary  | Reached XP level 9. HP: 96/96 MP: 11/11
  7988 | D:7      | Found a burning altar of Makhleb.
  7990 | D:7      | Found a shadowy altar of Dithmenos.
  7995 | D:7      | Found a stormy altar of Qazlal.
  7996 | D:7      | Found a radiant altar of Vehumet.
  7997 | D:7      | Found a sparkling altar of Nemelex Xobeh.
  8110 | D:8      | Noticed Jeremiah
  8135 | D:8      | Killed Jeremiah
  8136 | D:8      | Reached skill level 9 in Fighting
  8250 | D:8      | Found a basalt altar of Yredelemnul.
  8343 | D:8      | Noticed a troll
  8358 | D:8      | Killed a troll
  8828 | D:9      | Noticed a troll
  8848 | D:9      | Killed a troll
  8962 | D:9      | Reached XP level 10. HP: 82/110 MP: 13/13
  8966 | D:9      | Reached skill level 5 in Invocations
  9055 | D:9      | Noticed Gastronok
  9071 | D:9      | Reached skill level 10 in Fighting
  9097 | D:9      | HP: 1/110 [Gastronok (24)]
  9099 | D:9      | Killed Gastronok
  9370 | D:9      | Noticed an elephant
  9396 | D:9      | Killed an elephant
  9396 | D:9      | Reached **** piety under Yredelemnul
  9449 | D:9      | Found a staircase to the Lair.
  9449 | D:9      | Noticed an elephant
  9468 | D:9      | Killed an elephant
  9468 | D:9      | Reached ***** piety under Yredelemnul
  9469 | D:9      | Reached skill level 11 in Fighting
  9581 | D:9      | Noticed a two-headed ogre
  9595 | D:9      | Killed a two-headed ogre
  9595 | D:9      | Charmed a two-headed ogre
  9933 | D:10     | Entered Level 10 of the Dungeon
  9938 | D:10     | Found Huj Nap's Assorted Antiques.
  9942 | D:10     | Bought a wooden wand for 112 gold pieces
  9942 | D:10     | Bought a silver ring for 140 gold pieces
  9942 | D:10     | Bought 2 bubbling puce potions for 50 gold pieces
 10207 | D:10     | Reached XP level 11. HP: 117/120 MP: 15/15
 10397 | D:10     | Found a portal to a secret trove of treasure.
 10948 | D:11     | Noticed a cyclops
 10960 | D:11     | Killed a cyclops
 10992 | D:11     | Noticed a two-headed ogre
 11000 | D:11     | Killed a two-headed ogre
 11166 | D:11     | Reached skill level 12 in Fighting
 11166 | D:11     | Reached skill level 1 in Throwing
 11168 | D:11     | Noticed a two-headed ogre
 11176 | D:11     | Killed a two-headed ogre
 11344 | D:11     | Noticed a manticore
 11354 | D:11     | Killed a manticore
 11449 | D:11     | Found Xailac's Assorted Antiques.
 11472 | D:11     | Bought a scroll labelled TOXILIHEAP for 29 gold pieces
 11472 | D:11     | Bought a blackened steel ring for 145 gold pieces
 11472 | D:11     | Bought a scroll of identify for 58 gold pieces
 11472 | D:11     | Bought a coppery potion for 26 gold pieces
 11472 | D:11     | Bought an orange potion for 26 gold pieces
 11472 | D:11     | Bought a murky orange potion for 26 gold pieces
 11684 | D:11     | Noticed a boulder beetle
 11691 | D:11     | Killed a boulder beetle
 11691 | D:11     | Reached ****** piety under Yredelemnul
 11793 | D:11     | Found a staircase to the Orcish Mines.
 11869 | D:11     | Noticed a two-headed ogre
 11876 | D:11     | Killed a two-headed ogre
 12152 | D:12     | Noticed a two-headed ogre
 12159 | D:12     | Killed a two-headed ogre
 12160 | D:12     | Reached XP level 12. HP: 99/133 MP: 17/17
 12201 | D:12     | Noticed a five-headed hydra
 12213 | D:12     | Killed a six-headed hydra
 12286 | D:12     | Reached skill level 13 in Fighting
 12538 | D:12     | Reached skill level 10 in Axes
 12640 | D:12     | Noticed a two-headed ogre
 12648 | D:12     | Killed a two-headed ogre
 12693 | D:12     | Noticed a two-headed ogre
 12700 | D:12     | Killed a two-headed ogre
 13105 | Lair:1   | Entered Level 1 of the Lair of Beasts
 13300 | Lair:1   | Reached skill level 5 in Throwing
 13948 | Lair:1   | Reached skill level 10 in Dodging
 14056 | Lair:1   | Reached XP level 13. HP: 145/145 MP: 18/18
 14185 | Lair:2   | Reached skill level 14 in Fighting
 14322 | Lair:2   | Noticed Urug
 14328 | Lair:2   | Killed Urug
 14903 | Lair:2   | Found a staircase to the Snake Pit.
 15451 | Lair:3   | Noticed Amaemon
 15464 | Lair:3   | Killed Amaemon
 15574 | Lair:3   | Found a staircase to the Shoals.
 16515 | Lair:4   | Reached skill level 15 in Fighting
 16724 | Lair:4   | Reached XP level 14. HP: 142/159 MP: 20/20
 17523 | Lair:5   | Entered Level 5 of the Lair of Beasts
 17570 | Lair:5   | Identified the amulet "Kangula" {Spirit Regen+}
 17622 | Lair:5   | Identified the +5 quarterstaff "Weim" {heavy, Str+2}
 18047 | Lair:5   | Reached skill level 16 in Fighting
 18058 | Lair:5   | Reached XP level 15. HP: 122/170 MP: 22/22
 18868 | Orc:1    | Entered Level 1 of the Orcish Mines
 19077 | Orc:1    | Found Heskiuqe's Firing Range.
 19326 | Orc:2    | Entered Level 2 of the Orcish Mines
 19326 | Orc:2    | Found an iron altar of Okawaru.
 19556 | Orc:2    | Found Miomig's Antique Armour Emporium.
 19885 | Orc:2    | Found Nep Jea's Assorted Antiques.
 19885 | Orc:2    | Found Toyts's Armour Shoppe.
 19886 | Orc:2    | Found Ledutt's Distillery.
 19886 | Orc:2    | Found Qunemp's Magic Scroll Shop.
 19903 | Orc:2    | Bought a scroll of identify for 58 gold pieces
 19903 | Orc:2    | Bought a scroll labelled SUGIXA PIARE for 29 gold pieces
 19903 | Orc:2    | Bought 2 scrolls labelled XAKHLE ERGHY for 58 gold pieces
 19906 | Orc:2    | Bought a potion of invisibility for 104 gold pieces
 19906 | Orc:2    | Bought a potion of heal wounds for 65 gold pieces
 19906 | Orc:2    | Bought a potion of curing for 39 gold pieces
 19906 | Orc:2    | Bought a potion of lignification for 39 gold pieces
 19907 | Orc:2    | Bought a scroll of teleportation for 54 gold pieces
 19907 | Orc:2    | Bought a scroll of enchant weapon for 135 gold pieces
 19907 | Orc:2    | Bought a scroll of revelation for 135 gold pieces
 19907 | Orc:2    | Bought a scroll of blinking for 135 gold pieces
 19922 | Orc:2    | Found a staircase to the Elven Halls.
 20014 | Orc:2    | Paralysed by an orc sorcerer for 4 turns
 20017 | Orc:2    | Reached skill level 10 in Invocations
 20169 | Orc:2    | Paralysed by an ogre mage for 3 turns
 20175 | Orc:2    | Reached skill level 10 in Throwing
 20406 | Snake:1  | Entered Level 1 of the Snake Pit
 20827 | Snake:1  | Reached skill level 10 in Shields
 20948 | Snake:1  | Identified the ring of Yendor {Drain rN+ Int+6 Dex+2}
 21828 | Snake:1  | Found Meogib's Weapon Shop.
 22686 | Snake:2  | Reached XP level 16. HP: 153/180 MP: 23/23
 23415 | Snake:2  | Found Yseva's Book Emporium.
 23415 | Snake:2  | Found Semexta's Jewellery Boutique.
 23416 | Snake:2  | Found Jeggeple's Jewellery Boutique.
 23958 | Snake:2  | Reached skill level 17 in Fighting
 24138 | Snake:2  | Noticed a nagaraja
 24138 | Snake:2  | Noticed a nagaraja
 24483 | Snake:2  | Killed a nagaraja
 24776 | Snake:2  | HP: 9/183 [nagaraja/+0 trident (19)]
 24779 | Snake:2  | HP: 4/183 [constriction (3)]
 24780 | Snake:2  | Demolished by a nagaraja

Illustrated notes

Levels and vault maps discovered:
D:1:      orjb1_lava_funnel, layout_basic,
          shapermc_ecumenical_altar_starsandcircs
D:2:      layout_basic, basic_altar, uniq_jessica, uniq_sigmund
D:3:      layout_basic
D:4:      layout_basic, fedhas_altar_fruit_tree
D:5:      layout_layer_cave, kb_xom_exploding_sheep, minmay_door_square,
          serial_park_tiny_2
D:6:      layout_layer_cave, portal_sewer_entry_e
D:7:      layout_cave_pools, minitemple, temple_hall, enter_ossuary_4
D:8:      layout_gridville, mainiacjoe_overflow_six_doors_small,
          nicolae_nh_ransacked_shop, uniq_jeremiah
D:9:      layout_roguey, grunt_lair_entry_orc_guard_hut,
          kennysheep_big_empty_room, uniq_gastronok
D:10:     layout_loops_ring, enter_trove_1, serial_shops,
          nicolae_shop_window_shopping, st_stairs_3
D:11:     layout_irregular_city, orc_0_dummy, serial_shops,
          nicolae_shop_tiny_waterfront
D:12:     layout_cave_pools, serial_bayou, serial_bayou_pond_e,
          serial_bayou_lagoon_a, serial_bayou_pond_c, serial_bayou_lagoon_b
Lair:1:   layout_cave_pods
Lair:2:   layout_loops_ring, alex1729_snake_entry_snake, uniq_urug
Lair:3:   layout_hall_layers, nicolae_shoals_entry_roost, uniq_amaemon
Lair:4:   layout_roguey [special_room_mythical_zoo],
          minmay_slime_entry_oklob_enclosed, grunt_megastairs_2,
          infiniplex_staircase_pool_2, serial_bayou_shore_a
Lair:5:   minmay_lair_end_frog_pond, layout_cave_pods, grunt_megastairs_1
Snake:1:  layout_chambers, serial_shops, nicolae_shop_behind_doors,
          lemuel_fruit_tree
Snake:2:  layout_chambers, hangedman_snake_sidewinding, minmay_shop_grove,
          serial_bayou_shore_b, serial_bayou_shore_b
Orc:1:    layout_caves, nicolae_shop_firing_range
Orc:2:    st_orc_ogre_mass, layout_diamond_mine, serial_shops, shop,
          okawaru_metal_pillars_1_2

Skill      XL: |  1  2  3  4  5  6  7  8  9 10 11 12 13 14 15 16 |
---------------+-------------------------------------------------+-----
Dodging        | 3 4 5 6 8 9 10 11 12 13 | 13.2
Axes           | 3 4 5 7 8 9 10 11 12 13 14 | 14.2
Fighting       | 5 6 8 9 11 12 13 15 16 17 | 17.1
Invocations    | 1 2 3 4 6 7 8 9 10 | 10.8
Shields        | 4 5 6 7 8 9 10 | 10.6
Throwing       | 3 5 7 9 10 11 | 11.3

Action                     |  1- 3 |  4- 6 |  7- 9 | 10-12 | 13-15 | 16-18 || total
---------------------------+-------+-------+-------+-------+-------+-------++-------
  Melee: War axe           |    86 |   147 |   420 |   378 |   700 |   200 ||  1931
         Trident           |       |       |       |     3 |       |       ||     3
         Whip              |       |       |       |       |    24 |       ||    24
  Throw: Large rock        |       |       |       |     3 |     9 |     1 ||    13
 Invoke: Dark Bargain      |       |     2 |     2 |       |     2 |       ||     6
         Recall Undead Har |       |       |     2 |     6 |     7 |     4 ||    19
         Bind Soul         |       |       |       |     1 |     3 |     1 ||     5
         Drain Life        |       |       |       |       |       |     1 ||     1
  Evoke: Wand              |       |       |       |       |     2 |     2 ||     4
         Phantom mirror    |       |       |       |       |     1 |       ||     1
    Use: Potion            |       |     2 |     3 |     7 |       |     2 ||    14
         Scroll            |       |       |    10 |     1 |    10 |     5 ||    26
   Stab: Sleeping          |     1 |     1 |     1 |       |       |       ||     3
         Distracted        |       |       |     2 |     5 |     4 |     1 ||    12
         Petrified         |       |       |       |       |     8 |       ||     8
 Armour: Robe              |    71 |   117 |   315 |   336 |   470 |    98 ||  1407
  Dodge: Dodged            |    46 |    59 |   192 |   217 |   478 |    69 ||  1061
  Block: Kite shield       |    42 |    55 |   206 |   183 |   205 |       ||   691
         Tower shield      |       |       |       |       |   332 |   219 ||   551

Table legend: (Time is in decaauts)
 A = Elapsed time spent in this place.
 B = Non-inter-level travel time spent in this place.
 C = Inter-level travel time spent in this place.
 D = Time resting spent in this place.
 E = Time spent auto-exploring this place.
 F = Levels seen in this place.
 G = Mean time per level.
                   A        B        C        D        E       F      G
               +--------+--------+--------+--------+--------+-----+--------+
         Total |  25056 |  23610 |   1446 |   3800 |  14746 |  23 | 1089.4 |
       Dungeon |  13216 |  12304 |    912 |   2101 |   7761 |  12 | 1101.3 |
          Lair |   5847 |   5483 |    364 |    440 |   3943 |   5 | 1169.4 |
     Snake Pit |   3988 |   3960 |     28 |   1116 |   2045 |   2 | 1994.0 |
  Orcish Mines |   1487 |   1347 |    140 |    143 |    853 |   2 |  743.5 |
         Sewer |    253 |    253 |      0 |      0 |    131 |   1 |  253.0 |
       Ossuary |    262 |    262 |      0 |      0 |     13 |   1 |  262.0 |
               +--------+--------+--------+--------+--------+-----+--------+

Top non-repeatable levels by time:
 Snake:2: 2642 daAuts
     D:5: 1584 daAuts
     D:6: 1352 daAuts
 Snake:1: 1345 daAuts
    D:11: 1299 daAuts
     D:9: 1277 daAuts
  Lair:4: 1268 daAuts
     D:3: 1256 daAuts
     D:2: 1246 daAuts
  Lair:1: 1201 daAuts
  Lair:2: 1155 daAuts
  Lair:5: 1150 daAuts
    D:10: 1142 daAuts
  Lair:3: 1071 daAuts
     D:1: 991 daAuts
